 Dungeon Crawl Stone Soup version 0.28-a0-1493-g08698888e4 (webtiles) character file.

Game seed: 18296689585397286217

81 testman the Sneak (level 4, -1/25 HPs)
             Began as a Kobold Enchanter on Jan 12, 2022.
             Was an Initiate of Gozag.
             Slain by a bullfrog skeleton (2 damage)
             ... on level 3 of the Dungeon.
             The game lasted 00:09:58 (3151 turns).

testman the Sneak (Kobold Enchanter)                Turns: 3151, Time: 00:09:58

Health: -1/25      AC:  2    Str:  5    XL:     4   Next: 67%
Magic:  7/7        EV: 15    Int: 16    God:    Gozag
Gold:   448        SH:  0    Dex: 17    Spells: 5/7 levels left

rFire   . . .      SeeInvis .   e - +1 dagger (elec)
rCold   . . .      Faith    .   (no shield)
rNeg    . . .      Spirit   .   b - +0 robe
rPois   .          Reflect  .   (no helmet)
rElec   .          Harm     .   (no cloak)
rCorr   .          Rampage  .   (no gloves)
Will    .....                   (no boots)
Stlth   ++++......              (no amulet)
HPRegen 0.08/turn               (no ring)
MPRegen 0.10/turn               (no ring)

@: brilliant
A: small, no large weapons, nightstalker 3, hooves 1
a: Renounce Religion, Potion Petition, Call Merchant, Bribe Branch


You were on level 3 of the Dungeon.
You worshipped Gozag.
Gozag was aware of your devotion.
You visited 1 branch of the dungeon, and saw 3 of its levels.

You collected 448 gold pieces.

Inventory:

Hand Weapons
 e - a +1 dagger of electrocution (weapon)
 l - a +0 hunting sling
Missiles
 a - 29 stones (quivered)
 i - 5 boomerangs
 j - a throwing net
Armour
 b - a +0 robe (worn)
Wands
 m - a wand of flame (20)
Scrolls
 d - a scroll of teleportation {unknown}
 g - a scroll of fear {unknown}
 h - a scroll of fog {unknown}
 k - a scroll of enchant weapon {unknown}
Potions
 c - a potion of invisibility


   Skills:
 + Level 1.6 Fighting
 + Level 3.9 Short Blades
 - Level 2.4 Dodging
 - Level 4.0 Stealth
 - Level 2.1 Spellcasting
 - Level 3.0 Hexes
 + Level 1.9 Ice Magic


You had 5 spell levels left.
You knew the following spells:

 Your Spells              Type           Power      Damage    Failure   Level
a - Ensorcelled Hibernat  Hex/Ice        28%        N/A       11%         2

Your spell library contained the following spells:

 Spells                   Type           Power      Damage    Failure   Level
 Confusing Touch          Hex            17%        N/A       19%         3
 Tukima's Dance           Hex            17%        N/A       19%         3
 Summon Small Mammal      Summ           8%         N/A       21%         1
 Dazzling Flash           Conj/Hex       18%        N/A       32%         3
 Summon Guardian Golem    Hex/Summ       9%         N/A       32%         3
 Call Canine Familiar     Summ           2%         N/A       52%         3


Dungeon Overview and Level Annotations

Branches:
Dungeon (3/15)

Altars:
Gozag


Innate Abilities, Weirdness & Mutations

You are small and have problems with some larger weapons.
You are completely attuned to the shadows.
You have large cloven feet.


Message History

You hit the bullfrog skeleton.
The bullfrog skeleton is moderately damaged.
The bullfrog skeleton hits you.
You hit the bullfrog skeleton.
The bullfrog skeleton is moderately damaged.
The bullfrog skeleton hits you.
You barely miss the bullfrog skeleton.
The bullfrog skeleton is moderately damaged.
The bullfrog skeleton barely misses you.
You hit the bullfrog skeleton.
The bullfrog skeleton is moderately damaged.
The bullfrog skeleton hits you.
* * * LOW HITPOINT WARNING * * *
Casting: Ensorcelled Hibernation (safe; 11% risk of failure)
Confirm with . or Enter, or press ? or * to list all spells.
Okay, then.
Aiming: Throw Flame
Press: ? - help, Shift-Dir - straight line, f/p - bullfrog skeleton
Aim: a bullfrog skeleton (moderately damaged, 89% to hit)
The puff of flame hits the bullfrog skeleton.
The bullfrog skeleton is heavily damaged.
The bullfrog skeleton hits you.
* * * LOW HITPOINT WARNING * * *
The bullfrog skeleton hits you.
* * * LOW HITPOINT WARNING * * *
It was a potion of mutation.
You feel extremely strange.
You feel frail.
You feel robust.
Your feet thicken and deform.
The bullfrog skeleton closely misses you.
It was a potion of brilliance.
You feel clever all of a sudden. The bullfrog skeleton misses you.
Okay, then.
You barely miss the bullfrog skeleton. You kick the bullfrog skeleton.
The bullfrog skeleton is heavily damaged.
The bullfrog skeleton misses you.
You hit the bullfrog skeleton.
The bullfrog skeleton is severely damaged.
The bullfrog skeleton hits you.
You die...
Your body crumbles into a pile of gold.

##### #...# #[..## #....#
#.# ## #....###.# #..
#...#.##.##.#
#...##.....#
###...###...##
......##....@##
......#.##.##Z##........
.......###.###.#........#
##
.........#.#............#
#.
.........#.#............#
#.
.................(......#
#.
......#########.........#
#.
....#...........##.####
#. #...........##.# ##


You could see a bullfrog skeleton.

Vanquished Creatures
  Jessica (D:2)
  2 worms (D:2)
  A dart slug (D:1)
  5 ball pythons
  2 bats (D:1)
  5 endoplasms
  A giant cockroach (D:3)
  5 goblins
  4 hobgoblins (D:2)
  4 jackals (D:1)
  4 kobolds (D:1)
  A quokka (D:3)
  A frilled lizard (D:2)
  5 rats
41 creatures vanquished.

Vanquished Creatures (others)
  6 fungi (D:3)
  3 toadstools (D:3)
9 creatures vanquished.

Grand Total: 50 creatures vanquished

Notes
Turn   | Place    | Note
-------+----------+-------------------------------------------
     0 | D:1      | testman the Kobold Enchanter began the quest for the Orb.
     0 | D:1      | Reached XP level 1. HP: 10/10 MP: 3/3
    54 | D:1      | Found a faded altar of an unknown god.
    64 | D:1      | Prayed at the altar of an unknown god.
    64 | D:1      | Became a worshipper of Gozag Ym Sagoz the Greedy
   129 | D:1      | Reached XP level 2. HP: 15/15 MP: 5/5
   132 | D:1      | Learned a level 2 spell: Ensorcelled Hibernation
   992 | D:1      | Reached skill level 1 in Ice Magic
   993 | D:1      | Reached XP level 3. HP: 16/19 MP: 4/6
  2269 | D:2      | Noticed Jessica
  2273 | D:2      | Killed Jessica
  2274 | D:2      | Reached skill level 1 in Fighting
  2274 | D:2      | Reached XP level 4. HP: 25/25 MP: 7/7
  3147 | D:3      | HP: 1/25 [bullfrog skeleton (1)]
  3148 | D:3      | Gained mutation: You are frail. (-10% HP) [potion of
                  | mutation]
  3148 | D:3      | Lost mutation: You are frail. (-10% HP) [potion of
                  | mutation]
  3148 | D:3      | Gained mutation: You have large cloven feet. [potion of
                  | mutation]
  3151 | D:3      | Slain by a bullfrog skeleton

Illustrated notes

Levels and vault maps discovered:
D:1:      minmay_arrival_nine_rooms, layout_basic,
          ebering_ecumenical_altar_mist, chequers_big_river,
          grunt_decor_one_mirror
D:2:      layout_basic, nicolae_concentric_dashed_squares_mild, uniq_jessica
D:3:      minmay_evil_eye, layout_basic, nicolae_qazlal_general_emergency,
          chequers_serial_rivers_micro_e, minmay_gold_behind_fungi,
          hex_intersection, uniq_sigmund

Skill      XL: |  1  2  3 |
---------------+----------+-----
Short Blades   | 2 3 |  3.9
Ice Magic      | 1 |  1.9
Fighting       | 1 |  1.6
Dodging        | |  2.4
Stealth        | |  4.0
Spellcasting   | |  2.1
Hexes          | |  3.0

Action                   |  1- 3 |  4- 6 || total
-------------------------+-------+-------++-------
Melee: Dagger            |    70 |    38 ||   108
       Punch             |       |     2 ||     2
       Kick              |       |     1 ||     1
Throw: Stone             |       |     1 ||     1
 Cast: Ensorcelled Hiber |     3 |       ||     3
Evoke: Wand              |       |     1 ||     1
  Use: Potion            |       |     2 ||     2
 Stab: Sleeping          |    19 |     2 ||    21
Armor: Robe              |     7 |     1 ||     8
Dodge: Dodged            |    37 |    14 ||    51

Table legend: (Time is in decaauts)
 A = Elapsed time spent in this place.
 B = Non-inter-level travel time spent in this place.
 C = Inter-level travel time spent in this place.
 D = Time resting spent in this place.
 E = Time spent auto-exploring this place.
 F = Levels seen in this place.
 G = Mean time per level.
                   A        B        C        D        E       F      G
               +--------+--------+--------+--------+--------+-----+--------+
         Total |   3141 |   3111 |     30 |    477 |   2233 |   3 | 1047.0 |
       Dungeon |   3141 |   3111 |     30 |    477 |   2233 |   3 | 1047.0 |
               +--------+--------+--------+--------+--------+-----+--------+

Top non-repeatable levels by time:
     D:1: 1867 daAuts
     D:2: 957 daAuts
     D:3: 316 daAuts
